 Dungeon Crawl Stone Soup version 0.27-a0-1200-g94dc6ad4cf (webtiles) character file.

Game seed: 13036854478195180095

5716 Shayle the Fighter (level 10, -1/109 HPs)
             Began as an Ogre Warper on May 31, 2021.
             Was an Initiate of Ru.
             Slain by a two-headed ogre
             ... wielding a +0 giant club
              (8 damage)
             ... on level 8 of the Dungeon on June 1, 2021.
             The game lasted 00:26:27 (14391 turns).

Shayle the Fighter (Ogre Warper)                   Turns: 14391, Time: 00:26:28

Health: -1/109     AC:  7    Str: 17    XL:     10   Next: 76%
Magic:  25/31      EV: 10    Int: 17    God:    Ru [......]
Gold:   280        SH:  0    Dex:  8    Spells: 12/25 levels left

rFire    . . .     SeeInvis .   v - +0 giant spiked club
rCold    . . .     Faith    .   (shield currently unavailable)
rNeg     . . .     Spirit   .   J - +0 acid dragon scales
rPois    +         Reflect  .   (helmet restricted)
rElec    .         Harm     .   (no cloak)
rCorr    +         Rampage  .   (gloves unavailable)
Will     +....                  (boots unavailable)
Stlth    +.........             (no amulet)
HPRegen  0.28/turn              j - ring of magical power
MPRegen  0.22/turn              i - ring of poison resistance

@: no status effects
A: large, unfitting armour, tough skin 1
a: Renounce Religion


You were on level 8 of the Dungeon.
You worshipped Ru.
Ru was noncommittal.
You visited 2 branches of the dungeon, and saw 9 of its levels.
You also visited: Ossuary.

You collected 280 gold pieces.

Inventory:

Hand Weapons
 a - a +0 mace
 q - a +3 vorpal quarterstaff
 v - a +0 giant spiked club (weapon)
 I - a +2 scimitar of flaming
Missiles
 c - 29 poisoned darts (quivered)
 e - 5 boomerangs of dispersal
 L - 2 throwing nets
Armour
 b - a +1 robe
 J - +0 acid dragon scales (worn)
Jewellery
 i - a ring of poison resistance (right hand)
 j - a ring of magical power (left hand)
 r - a ring of protection from fire
 y - the ring "Kimonai" {Fire rN++ Str-5 Int+2 Dex+4}
   (You found it on level 4 of the Dungeon)

   [ring of fire]

   It enhances your fire magic.
   It affects your strength (-5).
   It affects your intelligence (+2).
   It affects your dexterity (+4).
   It protects you from fire.
   It makes you vulnerable to cold.
   It greatly protects you from negative energy.
 E - a ring of magical power
Wands
 G - a wand of flame (6)
 H - a wand of charming (10)
Scrolls
 d - 3 scrolls of blinking
 f - 3 scrolls of amnesia
 m - 3 scrolls of enchant armour
 n - a scroll of teleportation
 o - 4 scrolls of noise
 t - 2 scrolls of identify
 u - a scroll of fog
 F - 3 scrolls of enchant weapon
Potions
 g - a potion of resistance
 h - a potion of heal wounds
 k - a potion of mutation
 l - a potion of might
 p - 2 potions of berserk rage
 s - a potion of magic
 w - 3 potions of degeneration
 x - 2 potions of curing {unknown}
 z - a potion of ambrosia {unknown}
 A - a potion of invisibility {unknown}
 B - 3 potions of attraction
 C - 3 potions of flight {unknown}
 D - a potion of haste {unknown}
 K - a potion of cancellation {unknown}


   Skills:
 - Level 9.7 Fighting
 + Level 8.8 Maces & Flails
 - Level 1.0 Throwing
 - Level 6.9 Dodging
 - Level 8.2 Spellcasting
 - Level 1.1 Conjurations
 - Level 7.0 Translocations
 - Level 1.0 Fire Magic
 - Level 1.8 Evocations


You had 12 spell levels left.
You knew the following spells:

 Your Spells              Type           Power      Damage    Failure   Level
a - Blink                 Tloc           N/A        N/A       1%          2
b - Teleport Other        Tloc           31%        N/A       2%          3
c - Manifold Assault      Tloc           31%        N/A       22%         5
d - Conjure Flame         Conj/Fire      10%        6-21      26%         3

Your spell library contained the following spells:

 Spells                   Type           Power      Damage    Failure   Level
 Gell's Gravitas          Tloc           15%        N/A       2%          3
 Lesser Beckoning         Tloc           15%        N/A       2%          3
 Magic Dart               Conj           40%        1d5       9%          1
 Call Imp                 Summ           7%         N/A       22%         2
 Slow                     Hex            7%         N/A       22%         2
 Mephitic Cloud           Conj/Pois/Air  8%         N/A       34%         3
 Confusing Touch          Hex            7%         N/A       38%         3
 Petrify                  Tmut/Erth      7%         N/A       80%         4
 Metabolic Englaciation   Hex/Ice        3%         N/A       98%         5
 Yara's Violent Unravell  Hex/Tmut       3%         3d4       98%         5


Dungeon Overview and Level Annotations

Branches:
Dungeon (8/15)             Temple (1/1) D:6         Ossuary (visited)
   Lair: D:8-11

Altars:
Ashenzari
Cheibriados
Dithmenos
Elyvilon
Fedhas
Gozag
Hepliaklqana
Nemelex Xobeh
Okawaru
Qazlal
Ru
Sif Muna
Trog
Uskayaw
Wu Jian
Xom
Yredelemnul
Zin
The Shining One

Annotations:
D:7 3 runed translucent doors, freelancePsychic's ghost, novice VSFi


Innate Abilities, Weirdness & Mutations

You are too large for most types of armour.
You have tough skin. (AC +1)


Message History

You hit the two-headed ogre.
The two-headed ogre is almost dead.
The two-headed ogre hits you with a +0 giant spiked club!!
The two-headed ogre hits you with a +0 giant spiked club!
* * * LOW HITPOINT WARNING * * *
The two-headed ogre barely misses you.
The two-headed ogre hits you with a +0 giant spiked club!
* * * LOW HITPOINT WARNING * * *
You feel much better.
You impale the two-headed ogre!!
You kill the two-headed ogre!
Things that are here:
a +0 giant spiked club; a +0 giant spiked club; a two-headed ogre corpse Your magical contamination has completely faded away.
c - 26 poisoned darts (gained 1)
m - 3 scrolls of enchant armour (gained 1)
c - 29 poisoned darts (gained 3)
You start resting.
You hear the faint creaking of a portcullis nearby.
You start resting.
You hear the faint creaking of a portcullis nearby.
A two-headed ogre comes into view. It is wielding two +0 giant clubs.
The two-headed ogre shouts in stereo!
Found a hardcover book.
Found a halberd.
You puncture the two-headed ogre!
The two-headed ogre is moderately wounded.
The two-headed ogre hits you with a +0 giant club! x2
You impale the two-headed ogre!!
The two-headed ogre is severely wounded.
The two-headed ogre hits you with a +0 giant club.
The two-headed ogre hits you with a +0 giant club!
You sock the two-headed ogre!
The two-headed ogre is almost dead.
The two-headed ogre hits you with a +0 giant club!
* * * LOW HITPOINT WARNING * * *
The two-headed ogre hits you with a +0 giant club!
* * * LOW HITPOINT WARNING * * *
The two-headed ogre hits you with a +0 giant club!
You die...

##..(.......
##...........
##..........).
##.............
#####..............
##..................
#...................
...##........##.........
)......@...####.........
..#...O....# ##........
............# #........
............# #........
...#........:# #......
.. #.........# #..<. #
#.........# ###..
#.........# ###


You could see a two-headed ogre.

Vanquished Creatures
  Harold (D:7)
  A two-headed ogre (D:8)
  Maggie (D:7)
  Edmund (D:5)
  A water moccasin (D:5)
  A black bear (D:5)
  An ice beast (D:5)
  An orc warrior (D:6)
  4 sky beasts
  2 ogres (D:6)
  2 centaurs
  A necrophage (D:3)
  2 phantoms
  A kobold brigand (D:6)
  A bullfrog (D:7)
  10 scorpions
  A wyvern zombie (D:6)
  A wyvern skeleton (D:6)
  8 wights
  A howler monkey (D:5)
  5 centaur zombies
  2 human zombies (Ossuary)
  4 hounds
  3 gnoll shamans (D:6)
  An orc priest (D:6)
  A bullfrog skeleton (D:5)
  5 scorpion zombies (Ossuary)
  A killer bee zombie (D:6)
  2 hound skeletons (D:4)
  3 mummies (Ossuary)
  A howler monkey skeleton (D:7)
  7 adders
  9 gnolls
  A white imp (D:6)
  An ufetubus (D:5)
  2 worms
  2 dart slugs
  14 orcs
  4 endoplasms
  4 giant cockroaches
  3 gnoll zombies (Ossuary)
  7 goblins
  7 hobgoblins
  11 jackals
  3 quokkas
  3 ball pythons
  6 bats
  5 frilled lizards (D:1)
  4 goblin zombies
  2 hobgoblin zombies (Ossuary)
  13 kobolds
  3 kobold zombies (Ossuary)
  2 orc zombies (Ossuary)
  4 rats
187 creatures vanquished.

Notes
Turn   | Place    | Note
-------+----------+-------------------------------------------
     0 | D:1      | Shayle the Ogre Warper began the quest for the Orb.
     0 | D:1      | Reached XP level 1. HP: 22/22 MP: 3/3
   407 | D:1      | You fall into a shaft and drop 1 floor!
   458 | D:2      | Reached skill level 3 in Fighting
   633 | D:2      | Reached XP level 2. HP: 28/31 MP: 5/5
  1276 | D:1      | Reached XP level 3. HP: 19/39 MP: 6/6
  1744 | D:1      | Reached skill level 4 in Fighting
  1914 | D:1      | You fall into a shaft and drop 1 floor!
  3268 | D:3      | Found a shimmering blue altar of Sif Muna.
  3483 | D:3      | Noticed a necrophage
  3495 | D:3      | Killed a necrophage
  3496 | D:3      | Reached skill level 5 in Fighting
  3496 | D:3      | Reached XP level 4. HP: 15/50 MP: 7/7
  3496 | D:3      | Reached XP level 5. HP: 17/57 MP: 8/8
  3835 | D:3      | Found a faded altar of an unknown god.
  4684 | D:4      | Found a sand-covered staircase.
  4701 | Ossuary  | Entered an ossuary
  4964 | Ossuary  | Reached skill level 6 in Fighting
  4964 | Ossuary  | Reached XP level 6. HP: 30/67 MP: 9/9
  4967 | Ossuary  | Learned a level 2 spell: Blink
  4971 | Ossuary  | Learned a level 3 spell: Teleport Other
  5345 | Ossuary  | Reached skill level 7 in Fighting
  5345 | Ossuary  | Reached XP level 7. HP: 61/78 MP: 10/10
  5397 | Ossuary  | Reached skill level 5 in Maces & Flails
  5865 | Ossuary  | Reached XP level 8. HP: 88/88 MP: 20/20
  5941 | Ossuary  | Reached skill level 8 in Fighting
  6644 | D:4      | Identified the ring "Kimonai" {Fire rN++ Str-5 Int+2 Dex+4}
  7146 | D:5      | Entered Level 5 of the Dungeon
  7184 | D:5      | Reached XP level 9. HP: 89/97 MP: 21/21
  7816 | D:5      | Learned a level 5 spell: Manifold Assault
  7958 | D:5      | Reached skill level 9 in Fighting
  8567 | D:5      | Noticed Edmund
  8581 | D:5      | Killed Edmund
  9498 | D:6      | Reached skill level 1 in Evocations
 10289 | D:5      | Learned a level 3 spell: Conjure Flame
 10781 | D:7      | Noticed Maggie
 11197 | D:6      | Reached XP level 10. HP: 59/107 MP: 22/22
 11253 | D:6      | Reached skill level 1 in Conjurations
 11424 | D:6      | Found a staircase to the Ecumenical Temple.
 11430 | D:6      | Reached skill level 1 in Fire Magic
 11439 | Temple   | Entered the Ecumenical Temple
 11748 | Temple   | Became a worshipper of Ru the Awakened
 12893 | D:7      | Killed Maggie
 13401 | D:7      | Found a glowing golden altar of the Shining One.
 13428 | D:7      | Found a runed translucent gate.
 13428 | D:7      | Found a runed translucent gate.
 13428 | D:7      | Found a runed translucent gate.
 13428 | D:7      | Noticed freelancePsychic's ghost (novice VSFi)
 13674 | D:7      | Noticed Harold
 13807 | D:7      | Killed Harold
 14094 | D:7      | Found an opulent altar of Gozag.
 14098 | D:7      | Found a hide-covered altar of Uskayaw.
 14102 | D:7      | Found a snail-covered altar of Cheibriados.
 14271 | D:8      | Noticed a two-headed ogre
 14299 | D:8      | Killed a two-headed ogre
 14385 | D:8      | Noticed a two-headed ogre
 14391 | D:8      | Slain by a two-headed ogre

Illustrated notes

Levels and vault maps discovered:
D:1:      lightli_arrival_chessboard, layout_basic, serial_curves,
          eino_curves_04, eino_curves_04, eino_curves_04, minmay_pentomino_o2
D:2:      layout_loops_corners, chequers_avenue
D:3:      layout_loops_corners, lemuel_blue_sif_altar,
          hellmonk_ecumenical_altar_run_dry
D:4:      cheibrodos_quashed, layout_basic, enter_ossuary_4
D:5:      wad_crossroads, layout_basic, uniq_edmund
D:6:      layout_basic, temple_statues, amcnicky_mini_pool_small,
          grunt_tough_drop
D:7:      layout_loops_cross, grunt_temple_overflow_diamond, old_standard_altar,
          gammafunk_ghost_split, uniq_maggie, uniq_harold
D:8:      black_bear_nest_1, layout_cave_pods, enter_bailey_2
Temple:   eino_temple_water

Skill      XL: |  1  2  3  4  5  6  7  8  9 10 |
---------------+-------------------------------+-----
Fighting       | 3 5 6 7 8 9 |  9.7
Maces & Flails | 2 3 4 5 6 8 |  8.8
Dodging        | 6 |  6.9
Spellcasting   | 8 |  8.2
Translocations | 7 |  7.0
Evocations     | 1 |  1.8
Conjurations   | 1 |  1.1
Fire Magic     | 1 |  1.0
Throwing       | |  1.0

Action                   |  1- 3 |  4- 6 |  7- 9 | 10-12 || total
-------------------------+-------+-------+-------+-------++-------
Melee: Mace              |   169 |       |       |       ||   169
       Quarterstaff      |     9 |   101 |   327 |    92 ||   529
       Giant spiked club |       |       |       |    18 ||    18
Throw: Dart              |    13 |     2 |     4 |     5 ||    24
       Throwing net      |       |       |       |     2 ||     2
 Cast: Manifold Assault  |       |       |     5 |     7 ||    12
       Conjure Flame     |       |       |     2 |       ||     2
       Blink             |       |       |     1 |       ||     1
       Teleport Other    |       |       |       |     3 ||     3
Evoke: Wand              |       |       |       |     2 ||     2
  Use: Scroll            |     3 |       |    16 |       ||    19
       Potion            |       |       |     3 |     5 ||     8
 Stab: Sleeping          |     1 |       |     1 |       ||     2
       Distracted        |       |       |     1 |       ||     1
Armor: Robe              |    96 |    19 |    70 |    18 ||   203
       Acid dragon scale |       |       |       |    11 ||    11
Dodge: Dodged            |   112 |    37 |   179 |    76 ||   404

Table legend: (Time is in decaauts)
 A = Elapsed time spent in this place.
 B = Non-inter-level travel time spent in this place.
 C = Inter-level travel time spent in this place.
 D = Time resting spent in this place.
 E = Time spent auto-exploring this place.
 F = Levels seen in this place.
 G = Mean time per level.
                   A        B        C        D        E       F      G
               +--------+--------+--------+--------+--------+-----+--------+
         Total |  14507 |  13907 |    600 |   4723 |   6781 |  10 | 1450.7 |
       Dungeon |  12301 |  11751 |    550 |   3308 |   6514 |   8 | 1537.6 |
        Temple |    325 |    275 |     50 |      0 |    267 |   1 |  325.0 |
       Ossuary |   1880 |   1880 |      0 |   1415 |      0 |   1 | 1880.0 |
               +--------+--------+--------+--------+--------+-----+--------+

Top non-repeatable levels by time:
     D:6: 2967 daAuts
     D:5: 1977 daAuts
     D:1: 1934 daAuts
 Ossuary: 1880 daAuts
     D:7: 1798 daAuts
     D:3: 1361 daAuts
     D:2: 1320 daAuts
     D:4: 776 daAuts
  Temple: 325 daAuts
     D:8: 164 daAuts
